 Dungeon Sprint DCSS version 0.29-a0-620-g13ace881f2 (webtiles) character file.

Game seed: 14083816536058835229

254 rocky1 the Ruffian (level 5, -8/52 HPs)
             Began as a Draconian Monk on June 19, 2022.
             Was a Priest of Sif Muna.
             Mangled by a flying skull (10 damage)
             ... in the Dungeon (Sprint VII: "The Pits").
             The game lasted 00:02:56 (888 turns).

rocky1 the Ruffian (Draconian Monk)                  Turns: 888, Time: 00:02:57

Health: -8/52      AC:  5    Str: 14    XL:     5   Next: 91%
Magic:  11/11      EV: 14    Int: 12    God:    Sif Muna [***...]
Gold:   0          SH:  0    Dex: 13    Spells: 12/12 levels left

rFire   . . .      SeeInvis .     - Unarmed
rCold   . . .      Faith    .   (no shield)
rNeg    . . .      Spirit   .   (body armour unavailable)
rPois   .          Reflect  .   (helmet restricted)
rElec   .          Harm     .   (no cloak)
rCorr   .          Rampage  .   (no gloves)
Will    .....      NoTele   +   (no boots)
Stlth   ++........              (no amulet)
HPRegen 0.17/turn               (no ring)
MPRegen 0.12/turn               (no ring)

@: hasted, very quick
A: AC +5, unfitting armour, cold-blooded
a: Renounce Religion, Channel Magic, Forget Spell


You were in the Dungeon.
You worshipped Sif Muna.
Sif Muna was most pleased with you.
You visited 1 branch

Inventory:

Scrolls
 g - a scroll of blinking
Potions
 a - a potion of ambrosia
 b - 4 potions of curing
 c - 4 potions of heal wounds
 e - 2 potions of magic


   Skills:
 - Level 7.1 Fighting
 - Level 5.8 Dodging
 - Level 1.7 Stealth
 * Level 7.2 Unarmed Combat
 - Level 4.0 Spellcasting
 - Level 4.6 Invocations


You had 12 spell levels left.
You didn't know any spells.
Your spell library was empty.

Dungeon Overview and Level Annotations

Branches:
Dungeon (1/1)

Altars:
Ashenzari
Cheibriados
Dithmenos
Elyvilon
Fedhas
Gozag
Hepliaklqana
Kikubaaqudgha
Makhleb
Nemelex Xobeh
Okawaru
Qazlal
Ru
Sif Muna
Trog
Uskayaw
Vehumet
Wu Jian
Xom
Yredelemnul
Zin
The Shining One
Beogh
Jiyva
Lugonu


Innate Abilities, Weirdness & Mutations

Your plain brown scales are hard. (AC +5)
You cannot fit into any form of body armour.
You are cold-blooded and may be slowed by cold attacks.


Message History

Something shouts, "Slither home, thou infectious hedge-born ratsbane!"
You hear a shout!
The gnoll sergeant hits you from afar with a +0 trident of venom.
The flying skull hits you.
You feel yourself speed up. The flying skull hits you.
A gnoll comes into view. It is wielding a +0 whip.
The gnoll sergeant closely misses you.
You feel much better. The flying skull hits you!
Okay, then.
You barely miss the flying skull. Your punch misses the flying skull.
The flying skull is moderately damaged.
The flying skull barely misses you. The gnoll sergeant closely misses you.
You hit the flying skull but do no damage.
The flying skull is moderately damaged.
The flying skull hits you but does no damage.
The gnoll sergeant hits you from afar with a +0 trident of venom.
You are poisoned.
You closely miss the flying skull.
The flying skull is moderately damaged.
You feel sick.
An iron imp comes into view.
The flying skull hits you!
The iron imp shouts, "Remove thy stench, thou fulsome clapper-clawed crab-lanthorn!"
You hit the flying skull.
Your tail-slap misses the flying skull.
The flying skull is heavily damaged.
You feel sick.
The gnoll sergeant hits you from afar with a +0 trident of venom!
You are more poisoned.
The flying skull completely misses you.
You feel better. The flying skull barely misses you.
You hit the flying skull but do no damage.
Your tail-slap misses the flying skull.
The flying skull is heavily damaged.
The gnoll sergeant hits you from afar with a +0 trident of venom!
* * * LOW HITPOINT WARNING * * *
The flying skull hits you!
* * * LOW HITPOINT WARNING * * *
The flying skull attacks as you move away!
The flying skull hits you!
You die...

##########.##.....
#...........'.....
#'#####'#####.....
#.#.....#[[##.....
#.#.....#))#####'#
#.###'###))##.....
#.#.....#))##.....
#.#.....#..##.....
#@####)##'###...<.
#z#........##.....
#g#........##.....
#g###########.....
#Og.....# ######
#Y..O..Y#
#...#.g.# #..##
g.# #... g#


You could see an ice beast, an ogre, a gnoll sergeant, a flying skull and 2
gnolls.

Vanquished Creatures
  A floating eye (D)
  A kobold brigand (D)
  A scorpion (D)
  An adder (D)
  A river rat (D)
  A bat (D)
  2 jackals (D)
  2 frilled lizards (D)
10 creatures vanquished.

Notes
Turn   | Place    | Note
-------+----------+-------------------------------------------
     0 | D        | rocky1 the Draconian Monk began the quest for the Orb.
     0 | D        | Reached XP level 1. HP: 19/19 MP: 1/1
    31 | D        | Found a bloodstained altar of Trog.
    31 | D        | Found a shimmering blue altar of Sif Muna.
    31 | D        | Found a viscous altar of Jiyva.
    31 | D        | Found a hazy altar of Hepliaklqana.
    31 | D        | Found an opulent altar of Gozag.
    32 | D        | Found a glowing golden altar of the Shining One.
    32 | D        | Found a glowing silver altar of Zin.
    32 | D        | Found a basalt altar of Yredelemnul.
    32 | D        | Found a shimmering altar of Xom.
    32 | D        | Found an ornate altar of the Wu Jian Council.
    32 | D        | Found a sacrificial altar of Ru.
    32 | D        | Found a stormy altar of Qazlal.
    32 | D        | Found an iron altar of Okawaru.
    32 | D        | Found a sparkling altar of Nemelex Xobeh.
    32 | D        | Found a burning altar of Makhleb.
    32 | D        | Found a blossoming altar of Fedhas.
    32 | D        | Found a white marble altar of Elyvilon.
    32 | D        | Found a shadowy altar of Dithmenos.
    32 | D        | Found a snail-covered altar of Cheibriados.
    42 | D        | Found a corrupted altar of Lugonu.
    42 | D        | Found a radiant altar of Vehumet.
   101 | D        | Found an ancient bone altar of Kikubaaqudgha.
   101 | D        | Found a hide-covered altar of Uskayaw.
   101 | D        | Found a broken altar of Ashenzari.
   102 | D        | Became a worshipper of Sif Muna the Loreminder
   102 | D        | Reached * piety under Sif Muna
   102 | D        | Reached ** piety under Sif Muna
   117 | D        | Reached skill level 1 in Spellcasting
   137 | D        | Reached skill level 1 in Invocations
   137 | D        | Reached XP level 2. HP: 20/27 MP: 2/4
   311 | D        | Noticed a scorpion
   334 | D        | Killed a scorpion
   335 | D        | Reached skill level 5 in Fighting
   335 | D        | Reached XP level 3. HP: 8/36 MP: 4/7
   335 | D        | Reached XP level 4. HP: 9/42 MP: 4/8
   677 | D        | Noticed a kobold brigand
   677 | D        | Noticed a floating eye
   683 | D        | Reached *** piety under Sif Muna
   694 | D        | Killed a kobold brigand
   695 | D        | Reached skill level 5 in Dodging
   695 | D        | Reached skill level 5 in Unarmed Combat
   695 | D        | Reached XP level 5. HP: 50/50 MP: 8/11
   696 | D        | Paralysed by a floating eye for 2 turns
   699 | D        | Killed a floating eye
   869 | D        | Noticed an ogre
   870 | D        | Noticed an ice beast
   870 | D        | Noticed a flying skull
   887 | D        | HP: 2/52 [flying skull (9)]
   888 | D        | Mangled by a flying skull

Illustrated notes

Levels and vault maps discovered:
D:        pitsprint [storerooms_1, entrance_room_1, metal_vault_6, armoury_3,
          mini_pit_1, grid_room_1, main_hall_1, silver_pit, the_coven_3,
          the_vestibule_1, steel_vault_5, golden_pit, hallway_of_sentries,
          crystal_vault_2, iron_vault_4, final_vault]

Skill      XL: |  1  2  3  4  5 |
---------------+----------------+-----
Dodging        | 3 4 5 |  5.8
Spellcasting   | 1 3 4 |  4.0
Fighting       | 4 5 6 7 |  7.1
Invocations    | 1 3 4 |  4.6
Unarmed Combat | 4 5 7 |  7.2
Stealth        | |  1.7

Action                   |  1- 3 |  4- 6 || total
-------------------------+-------+-------++-------
Melee: Unarmed           |    55 |    25 ||    80
       Tailslap          |     5 |     1 ||     6
       Punch             |     3 |     1 ||     4
  Use: Potion            |     2 |     4 ||     6
 Stab: Sleeping          |     1 |       ||     1
Armor: Skin              |     9 |     8 ||    17
Dodge: Dodged            |    37 |    17 ||    54

Table legend: (Time is in decaauts)
 A = Elapsed time spent in this place.
 B = Non-inter-level travel time spent in this place.
 C = Inter-level travel time spent in this place.
 D = Time resting spent in this place.
 E = Time spent auto-exploring this place.
 F = Levels seen in this place.
 G = Mean time per level.
                   A        B        C        D        E       F      G
               +--------+--------+--------+--------+--------+-----+--------+
         Total |    888 |    888 |      0 |    698 |      0 |   1 |  888.0 |
       Dungeon |    888 |    888 |      0 |    698 |      0 |   1 |  888.0 |
               +--------+--------+--------+--------+--------+-----+--------+

Top non-repeatable levels by time:
       D: 888 daAuts
